[Event "Israeli Championship 2022"]
[Site "Yosiah Arad"]
[Date "2022.12.10"]
[Round "6.13"]
[White "Sitbon, Itay"]
[Black "Shachar, Ehud"]
[Result "1-0"]
[ECO "C03"]
[WhiteElo "2092"]
[BlackElo "2319"]
[Annotator "TA"]
[PlyCount "83"]
[EventDate "2022.12.05"]
[EventType "swiss"]
[EventCountry "ISR"]
[SourceTitle "playchess.com"]
[Source "ChessBase"]
[SourceQuality "1"]
[TimeControl "40/5400+30:1800+30"]

1. e4 e6 2. d4 d5 3. Nd2 Be7 4. Bd3 c5 5. dxc5 Nf6 6. Qe2 O-O 7. Ngf3 {[%emt 0:00:38] C03: French Tarrasch: Unusual Black 3rd moves.} a5 8. h4 (8. c4 $142) 8... dxe4 (8... Nfd7 $11 {keeps the balance.}) 9. Nxe4 $16 {[%emt 0:00:13] White is better.} Nxe4 10. Qxe4 {[%emt 0:00:19][%csl Gd3][%cal Re4h7] [#]} f5 11. Qc4 Qd5 {[%emt 0:09:41] [#]} (11... Na6 $14) 12. Bf4 $146 ({Predecessor:} 12. Be3 Nd7 13. O-O Nxc5 14. Qxd5 exd5 15. Bb5 f4 16. Bd4 Bg4 17. Rfe1 Bd6 18. Rad1 Bxf3 19. gxf3 {1-0 (44) Litwak,A (2267)-Bee,M (2169) Germany 2020}) 12... Bxc5 13. O-O (13. Rd1 {with more complications.} Nd7 14. Be2 Qc6 15. Bd6) 13... Nd7 14. Qxd5 exd5 15. c3 Nf6 16. Nd4 Bxd4 ({Black should play} 16... Bd7 $14) 17. cxd4 Bd7 18. Rac1 Rfc8 19. Rc7 Rxc7 20. Bxc7 Kf7 21. f3 Be6 22. Kf2 Ng8 23. Rc1 Ne7 24. Bb5 {[%emt 0:03:59] Inhibits Nc6. White is more active.} Nc6 25. Bxc6 bxc6 26. Rxc6 {[%emt 0:00:29][%mdl 4096] Endgame KRB-KRB} Rc8 27. Rc5 a4 28. Ke3 Bd7 29. Kd3 h6 30. Be5 g5 31. Rxc8 Bxc8 $18 {[%emt 0:00:03] KB-KB} 32. h5 {[%emt 0:01:33] Black must now prevent Kc3.} Ba6+ 33. Kc3 {[%emt 0:00:20] Strongly threatening Kb4.} Bc4 $2 {[%emt 0:01:26] [#] Loses the game.} (33... Bf1 $16) 34. Kb4 $1 Bxa2 35. Kxa4 Bc4 36. b4 {[%emt 0:01:22][%cal Bb2b4,Bb4b5][%mdl 32] Intending Ka5 and mate.} g4 37. fxg4 {[%emt 0:01:36] White mates.} fxg4 38. g3 Ke6 39. Bf4 Kd7 40. b5 Kc8 41. Bxh6 Kb7 42. Bg5 {[%emt 0:00:18] Weighted Error Value: White=0.07 (flawless) /Black=0.52} 1-0

[Event "Israeli Championship 2022"]
[Site "Yosiah Arad"]
[Date "2022.12.10"]
[Round "6.14"]
[White "Uritsky, Yonathan"]
[Black "Poleg, Matan"]
[Result "1/2-1/2"]
[ECO "B80"]
[WhiteElo "2216"]
[BlackElo "2291"]
[Annotator "TA"]
[PlyCount "154"]
[EventDate "2022.12.05"]
[EventType "swiss"]
[EventCountry "ISR"]
[SourceTitle "playchess.com"]
[Source "ChessBase"]
[SourceQuality "1"]
[TimeControl "40/5400+30:1800+30"]

1. e4 c5 2. Nf3 e6 3. d4 cxd4 4. Nxd4 Nc6 5. Nc3 Qc7 6. g3 a6 7. Bg2 Nf6 8. O-O d6 {[%emt 0:00:30] 8...Nxd4 is setting a new trend.} 9. Re1 Nxd4 10. Qxd4 Bd7 {[%emt 0:00:30] B80: Sicilian Scheveningen: 6 g3 and 6 Be3, including English Attack.} 11. Bg5 {[%emt 0:00:30] [#]} Ng4 $146 ({Predecessor:} 11... Be7 12. Rad1 Rc8 13. e5 dxe5 14. Qxe5 Qxe5 15. Rxe5 Ng4 16. Re4 Nxf2 17. Kxf2 Bxg5 18. Red4 {0-1 (38) Svane,F (2421)-Bjerre,J (2549) Chess.com INT 2021}) 12. h3 Ne5 {[%emt 0:00:00] The position is equal.} 13. f4 $2 (13. Bc1 $11 {and White stays safe.}) 13... h6 $1 $19 14. Bh4 g5 $1 (14... Ng6 15. Nd5 $1 exd5 16. exd5+ Ne7 17. Bxe7 Bxe7 18. Qxg7 $11) 15. fxg5 hxg5 16. Bxg5 {[%emt 0:00:00] [#]} Rxh3 $3 17. Bh4 (17. Bf4 Bg7) 17... Be7 18. Re3 {[%emt 0:00:00] [#]} (18. Bxh3 $2 Nf3+ 19. Kh1 Nxd4 $19) (18. Bxe7 $17 {keeps fighting.} Kxe7 19. Re3) 18... Rxh4 ({Black should play} 18... Bxh4 $1 $19 19. Bxh3 Bf6) 19. gxh4 $17 d5 ({Better is} 19... Bf6 $1 $17 {[%cal Oe5f3] And now ...Nf3+! would win.} 20. Qb4 Nc6) 20. exd5 $11 Bc5 21. Qf4 O-O-O 22. d6 (22. Ne4 $11 Bb6 23. Kh1 $1 Bxe3 24. Qxe3 exd5 25. Nf6) 22... Qb6 $1 $17 23. Qxe5 Bxe3+ $19 24. Kh1 Bd4 $1 {[%emt 0:00:00] This pair of bishops is nice.} 25. Qg5 Rh8 {[%emt 0:00:00] Hoping for ...f6.} (25... Qxb2 $2 26. Rb1 $18) 26. Rf1 f6 27. Rxf6 Bxf6 (27... Qxb2 $19 {and Black stays clearly on top.} 28. Ne4 Bxf6 29. Nxf6 Qd4) 28. Qxf6 $17 Qd8 29. Qxd8+ Rxd8 {[%emt 0:00:00][%mdl 4096] Endgame KRB-KBN} 30. Kh2 Rh8 {[%emt 0:00:00][%mdl 1024] Black has strong compensation.} 31. Kg3 Rg8+ 32. Kf2 Rg4 (32... Be8 $5 33. Bh3 Kd7 $15) 33. h5 Rg5 (33... Rh4 34. Bf3 e5 35. Nd5 $11) 34. Bf3 Bc6 35. Be2 (35. Bxc6 $15 bxc6 36. Ne4 (36. h6 Rh5 $17) 36... Rxh5 37. Ke3) 35... Kd7 36. Ke3 (36. h6 $2 Rg2+ 37. Ke3 Rh2 $19) 36... Rg2 37. Kf4 Kxd6 38. h6 Rg6 $1 39. h7 e5+ $1 (39... Rh6 $6 40. Bd3 Ke7 41. Kg5 $11) 40. Ke3 Rh6 {[%emt 0:00:00] Prevents h8Q.} 41. Bd3 Rh3+ 42. Kf2 Ke7 43. Bf5 Rh5 44. Ke3 Kf6 (44... Rxf5 $2 45. h8=Q $18 (45. h8=N $2 {perishes.} Rf3+ 46. Ke2 Rg3 $19)) 45. Ne4+ Bxe4 ({Don't play} 45... Kxf5 $6 46. Ng3+ Kg6 47. Nxh5 Kxh7 48. Ng3 $11) (45... Kg7 $17 46. Nd6 Rh6) 46. Bxe4 {[%emt 0:00:13] KR-KB} Rh3+ 47. Kf2 $1 b6 48. Kg2 Rh6 49. a3 Kg7 50. Kg3 Rf6 51. Bd3 Rf4 {[%emt 0:01:30] Inhibits b3.} 52. Bg6 {[%emt 0:02:00] [#] Inhibits a5.} a5 $1 (52... Kxg6 $2 53. h8=Q $18 (53. h8=R Kg5 $11)) 53. Bd3 (53. b3 $17 {was the only chance.}) 53... Rd4 (53... a4 $19 {White must now prevent ...Kh8.} 54. c3 Kh8) 54. Kf3 $15 Rh4 55. Be4 Rf4+ 56. Ke3 Rf8 (56... a4 $15) 57. a4 Rd8 58. b3 Rd6 59. Bd3 Rh6 (59... Rd4 {keeps more tension.} 60. Be4 Kh8 61. Kf3 Rd2) 60. Ke4 Rxh7 {[%emt 0:00:00] ...Kf6 is the strong threat.} 61. Kxe5 {[%emt 0:00:00] [#]} Rh5+ (61... Rh6 $1 $17) 62. Kd4 (62. Ke6 $11 {keeps the balance.}) 62... Kf6 {[%emt 0:00:00] Black is better.} 63. Kc3 Rh4 64. Kb2 Ke5 65. Bb5 Kd4 66. Ba6 Rh3 67. Bb5 Rc3 68. Ba6 Rc5 69. Bb5 Ke3 70. Ba6 Kd2 71. Bd3 Rd5 72. Bc4 Rd4 73. Bb5 Rd8 74. Bd3 Rc8 75. Bc4 Rc7 76. Bd3 Rc5 77. Bc4 Rc7 {[%emt 0:00:00] Weighted Error Value: White=0.24 (precise) /Black=0.14 (very precise)} (77... Rc6 $17 78. Bd3 Rc7) 1/2-1/2

[Event "Israeli Championship 2022"]
[Site "Yosiah Arad"]
[Date "2022.12.10"]
[Round "6.15"]
[White "Barak, Gil"]
[Black "Shimshovich, Asaf"]
[Result "0-1"]
[ECO "B80"]
[WhiteElo "2147"]
[BlackElo "1941"]
[Annotator "TA"]
[PlyCount "80"]
[EventDate "2022.12.05"]
[EventType "swiss"]
[EventCountry "ISR"]
[SourceTitle "playchess.com"]
[Source "ChessBase"]
[SourceQuality "1"]
[TimeControl "40/5400+30:1800+30"]

1. e4 c5 2. Nf3 e6 3. d4 cxd4 4. Nxd4 Nf6 5. Nc3 d6 6. Be3 a6 7. f3 b5 8. Qd2 Nbd7 9. g4 Nb6 (9... h6 $142) 10. a3 {[%emt 0:02:35] B80: Sicilian Scheveningen: 6 g3 and 6 Be3, including English Attack.} Bb7 11. O-O-O Rc8 12. Kb1 {[%emt 0:05:10] The position is equal.} Nfd7 13. Nb3 Ne5 14. Na5 Ba8 (14... Nxf3 $2 15. Qf2 Na4 16. Nxb7 $18) 15. Be2 $1 Be7 {[%emt 0:01:57] [#]} 16. f4 $146 ({Predecessor:} 16. h4 O-O 17. h5 Nbd7 18. Nb3 Nb6 19. Na5 d5 20. h6 g6 21. f4 Ned7 22. exd5 Nxd5 23. Nxd5 Bxd5 {½-½ (37) Dimov,I (2463)-Scherer,R (2607) ICCF email 2010}) 16... Nec4 17. Nxc4 Nxc4 18. Bxc4 Rxc4 19. Bd4 ({White should play} 19. Rhf1 $11) 19... O-O $15 20. Rhe1 Qb8 21. g5 (21. b3 $11 Rc6 22. Re2) 21... Rfc8 (21... b4 $17 22. axb4 Rxb4) 22. f5 $2 {[%emt 0:06:42] Now White is beyond hope.} (22. b3 $15 b4 23. Nd5 (23. bxc4 $2 {leads to mate.} bxc3+) (23. axb4 Rxb4 24. f5 e5 $17) 23... Bxd5 24. exd5 Rxc2 25. Qxb4 Rxh2 26. Qxb8 Rxb8 27. Rd3) 22... e5 23. Bf2 {[%emt 0:02:35][%cal Of5f6] [#]} b4 $1 {[%emt 0:03:09] Inhibits f6.} 24. axb4 Rxb4 25. b3 {[%emt 0:03:36][%cal Of5f6] [#]} Bxg5 26. Be3 Rd4 ({Weaker is} 26... Bh4 27. Rg1 $17) 27. Qg2 (27. Bxg5 Rxd2 28. Bxd2) 27... Bxe3 {[%emt 0:02:31] Black is clearly winning.} 28. Rxe3 {[%emt 0:00:05] [#] And now Rg1 would win.} Rxc3 $1 29. Rg1 (29. Rxc3 Rxd1+) 29... Rd1+ $1 (29... Rxe3 $2 30. Qxg7#) 30. Rxd1 Rxe3 31. f6 g6 (31... Bxe4 $2 32. Qxg7#) 32. Kb2 (32. Qd2 $142 Rxe4 33. Qh6) 32... Rxe4 $19 33. Qg1 Rf4 34. Ra1 Qc8 35. Qb6 Rxf6 36. Rxa6 Be4 37. c4 Rf2+ 38. Kc3 Qc5 39. Qxc5 dxc5 40. b4 Rf3+ {[%emt 0:06:37] Weighted Error Value: White=0.66/Black=0.13 (very precise)} 0-1

[Event "Israeli Championship 2022"]
[Site "Yosiah Arad"]
[Date "2022.12.11"]
[Round "7.1"]
[White "Bronstein, Or"]
[Black "Gorshtein, Ido"]
[Result "0-1"]
[ECO "A85"]
[WhiteElo "2442"]
[BlackElo "2469"]
[Annotator "TA"]
[PlyCount "108"]
[EventDate "2022.12.05"]
[EventType "swiss"]
[EventCountry "ISR"]
[SourceTitle "playchess.com"]
[Source "ChessBase"]
[SourceQuality "1"]
[TimeControl "40/5400+30:1800+30"]

1. d4 f5 2. c4 Nf6 3. Nc3 e6 4. a3 g6 5. Nf3 Bg7 {[%emt 0:00:23] [#]} 6. b4 $146 {[%emt 0:00:08] A85: Dutch Defence: 2 c4 Nf6 3 Nc3.} ({Predecessor:} 6. Bg5 h6 7. Bxf6 Qxf6 8. e4 d6 9. Bd3 O-O 10. O-O Nc6 11. d5 Ne5 12. Nxe5 dxe5 {½-½ (24) Enkhtuul,A (2267)-Hoang,T (2376) Chennai 2022}) 6... O-O 7. Bb2 b6 8. e3 {[%emt 0:05:20] The position is equal.} Bb7 9. Be2 Qe7 10. O-O d6 11. Qb3 c5 12. Rfd1 Nc6 13. Rab1 cxd4 14. exd4 Nd8 15. a4 Nf7 16. d5 e5 17. Bc1 (17. c5 $1 $14) 17... Kh8 ({Better is} 17... Nd7 $1 $11) 18. c5 $14 f4 (18... e4 $142) 19. Re1 e4 20. Bc4 (20. c6 $6 exf3 21. cxb7 Rae8 22. gxf3 Qxb7 $11) (20. Bd3 $1 $16) 20... e3 (20... dxc5 $14 21. bxc5 Qxc5 22. Nxe4 (22. Ba3 Qc7 $14) 22... Nxe4 23. Rxe4 Nd6) 21. c6 Bc8 22. Ne2 $2 ({Only move:} 22. fxe3 $18 Ne5 23. Nxe5 (23. exf4 $2 Nxf3+ 24. gxf3 Qxe1+ $19) 23... Qxe5 24. Bb2 (24. exf4 $2 Qxe1+ 25. Bf1 Ng4 $19)) 22... exf2+ $11 23. Kxf2 Ng4+ ({Black should try} 23... Ne5 $11 24. Ned4 (24. Nxf4 Nfg4+ 25. Kg3 Nh6 $15) (24. Bxf4 Ne4+ 25. Kg1 Nxf3+ 26. Qxf3 Nd2 $11) 24... Nfg4+ 25. Kf1 g5) 24. Kg1 $14 Bf5 25. h3 Nge5 $11 (25... Bxb1 $2 26. hxg4 Ne5 27. Ned4 $18 (27. Bxf4 $2 {too greedy.} Rxf4 28. Nxe5 Qxe5 $19) (27. Nxe5 Qxe5 28. Rf1 Qe4 $15)) 26. Nxe5 Nxe5 $19 27. Bxf4 {[%emt 0:00:42] Hoping for Rbc1.} Bxb1 28. Bxe5 (28. Rxb1 {was worth a try.} Nxc4 29. Qxc4) 28... Bxe5 29. Rxb1 Rae8 (29... Rf7 $1 $19 {Threatens to win with ...Raf8.} 30. Bd3 Qf6) 30. Kh1 $2 (30. Ba6 $1 $15) 30... Rf2 31. Qe3 {[%emt 0:00:23] Inhibits Qg5.} Ref8 (31... Qh4 $19 {aiming for ...Ref8.} 32. Ba6 Re7) 32. Ba6 {[%emt 0:00:30] [#]} (32. Rc1 $1 $15) 32... Qg7 (32... Rf1+ $1 $17 33. Rxf1 Rxf1+ 34. Ng1 Rb1) 33. Rc1 R2f7 {[%emt 0:01:24] Against c7} 34. Rd1 (34. a5 $11 {keeps the balance.}) 34... Re7 ({Black should play} 34... Rf1+ $17 35. Rxf1 Rxf1+ 36. Ng1 Ra1) 35. Nd4 (35. Ng1 $11) 35... Bxd4 $15 36. Qxd4 Re1+ 37. Kh2 $1 $11 {[%emt 0:00:07][%mdl 64] Black must now prevent Qxg7+.} Rxd1 (37... Qxd4 {simplifies} 38. Rxd4 Re7 39. Rc4 Rc7) 38. Qxd1 $15 {[%emt 0:00:01][%mdl 4096] Endgame KQR-KQB} Qe5+ 39. Kh1 {[%emt 0:01:08] Strongly threatening Qc1.} Qc3 {[%emt 0:00:12] Prevents Qc1.} 40. Qe2 {[%emt 0:01:26] [#]} Rf7 $1 ({But not} 40... Qxb4 41. Qe7 Qf4 42. c7 Qc1+ 43. Kh2 Qf4+ 44. Kh1 Qc1+ 45. Kh2 Qf4+ 46. Kh1 $11) 41. Qe6 Qc1+ 42. Kh2 Qf4+ 43. Kh1 Kg7 44. a5 Qf6 ({Don't play} 44... Qxb4 $6 45. Qxf7+ Kxf7 46. c7 $11) 45. Qe3 bxa5 (45... Re7 $5 46. Qc1 Rc7 $15) 46. bxa5 Qa1+ 47. Kh2 h5 48. Qe4 (48. Bc8 $11) 48... Qf6 {[%emt 0:01:56] ...Re7 is the strong threat.} 49. Qc4 (49. Bc8 $17) 49... Qe5+ $19 50. Kh1 Rc7 51. Kg1 Kh7 52. Kh1 Qa1+ 53. Qf1 Qxf1+ 54. Bxf1 Kg7 {[%emt 0:00:09] A wild game.   Weighted Error Value: White=0.41/Black=0.30} 0-1

[Event "Israeli Championship 2022"]
[Site "Yosiah Arad"]
[Date "2022.12.11"]
[Round "7.2"]
[White "Kochavi, Ori"]
[Black "Boruchovsky, Avital"]
[Result "1/2-1/2"]
[ECO "B58"]
[WhiteElo "2326"]
[BlackElo "2552"]
[Annotator "TA"]
[PlyCount "93"]
[EventDate "2022.12.05"]
[EventType "swiss"]
[EventCountry "ISR"]
[SourceTitle "playchess.com"]
[Source "ChessBase"]
[SourceQuality "1"]
[TimeControl "40/5400+30:1800+30"]

1. e4 c5 2. Nf3 d6 3. d4 cxd4 4. Nxd4 Nf6 5. Nc3 Nc6 6. Be2 e5 7. Nf3 h6 8. O-O Be7 9. Re1 O-O 10. Bf1 Bg4 11. h3 {[%emt 0:06:09] B58: Classical Sicilian: 6 Be2.} Bh5 12. Be3 Rc8 13. Be2 {[%emt 0:09:02] [#]} Bg6 $146 ({Predecessor:} 13... a6 14. Nh2 Bg6 15. Bf3 b5 16. Ng4 Nxg4 17. Bxg4 Rb8 18. Bf5 Bg5 19. Nd5 Bxe3 20. Rxe3 {0-1 (34) Perez Gormaz,M (2413)-Sanal,V (2563) Chess.com INT 2021}) 14. Bd3 a6 15. a3 Na5 16. Nd2 d5 17. exd5 Bxd3 18. cxd3 Nxd5 19. Nxd5 Qxd5 20. Bb6 (20. b4 $5 Nc6 21. Nc4 $11) 20... Bd8 21. Bxa5 Bxa5 ({Reject} 21... Qxa5 22. Nc4 Qc7 23. Nxe5 $11 (23. Rxe5 $2 {too greedy.} b5 $19)) 22. b4 Bb6 23. Nc4 Bd4 24. Rc1 b5 25. Ne3 Qa2 (25... Qe6 {simplifies} 26. Qg4 Qxg4 27. hxg4 Bxe3 28. fxe3 Rfd8) 26. Rxc8 Rxc8 27. Qg4 Rc6 (27... Rc7 $17) 28. Re2 {[%emt 0:08:53] Inhibits g6.} (28. Nf5 $5 Qxf2+ 29. Kh2 $11) 28... Qa1+ (28... Qe6 {keeps more tension.} 29. Nf5 Rc1+ 30. Kh2 Qf6) 29. Kh2 {[%emt 0:00:11] [#] Strongly threatening Nf5. The position is equal.} Bxe3 (29... Qxa3 $2 30. Nf5 g5 31. Ne7+ (31. Nxd4 exd4 32. Qxd4 Rc8 $16) 31... Kg7 32. Nxc6 $18) 30. Rxe3 Qxa3 $11 {[%emt 0:00:20][%mdl 4096] Endgame KQR-KQR} 31. Rf3 $1 {[%emt 0:06:46] Prevents Rf6. Qd7 is the strong threat.} Qb3 32. Qd7 {[%emt 0:00:10] Prevents Qd5.} Qe6 {[%emt 0:00:30] Prevents Qe8+.} 33. Rxf7 {[%emt 0:00:04][%mdl 64] [#]} Qxd7 34. Rxd7 {[%emt 0:00:06] KR-KR} Rc2 35. Ra7 Rxf2 36. Rxa6 Rf4 37. Re6 Rxb4 38. Rxe5 Kf7 39. Kg3 Kf6 40. d4 Rb1 41. Kf4 Rf1+ 42. Kg4 Rf2 43. g3 Rb2 44. h4 Rb1 45. Kh5 Rd1 46. Rxb5 Rxd4 47. g4 {[%emt 0:02:35] Weighted Error Value: White=0.05 (flawless) /Black=0.05 (flawless)} 1/2-1/2

[Event "Israeli Championship 2022"]
[Site "Yosiah Arad"]
[Date "2022.12.11"]
[Round "7.3"]
[White "Sokolovsky, Yahli"]
[Black "Parkhov, Yair"]
[Result "1-0"]
[ECO "B30"]
[WhiteElo "2414"]
[BlackElo "2470"]
[Annotator "TA"]
[PlyCount "62"]
[EventDate "2022.12.05"]
[EventType "swiss"]
[EventCountry "ISR"]
[SourceTitle "playchess.com"]
[Source "ChessBase"]
[SourceQuality "1"]
[TimeControl "40/5400+30:1800+30"]

1. e4 c5 2. Nc3 Nc6 3. Bb5 Nd4 4. Nf3 e6 5. O-O a6 6. Bd3 Nc6 {[%emt 0:00:18] The main line 6...Nc6 scores better than 6...Ne7. B30: Sicilian: 2...Nc6 3 Bb5, lines without ...g6.} 7. b3 g5 8. Bb2 Bg7 {[%emt 0:00:06] The position is equal.} 9. Na4 Bxb2 10. Nxb2 {[%emt 0:00:05] [#]} Kf8 $146 ({Predecessor:} 10... h6 11. Nc4 d6 12. e5 d5 13. Nd6+ Kf8 14. Qe2 f5 15. c3 Nge7 16. Bc2 Ng6 {1-0 (35) Sethuraman,S (2644)-Sarkar,J (2338) Riga 2021}) 11. Nc4 d5 (11... d6 $11 {should be considered.}) 12. exd5 $16 exd5 13. Nce5 Qf6 {[%emt 0:00:53] White leaves nothing to chance now.} ({Black should play} 13... Nge7 $14) 14. Nxc6 {[%emt 0:03:35] White is more active.} bxc6 15. Qe1 $1 Bg4 {[%emt 0:43:39] [#]} 16. Ne5 Nh6 {[%emt 0:04:03] [#]} (16... Re8 $142) 17. Qe3 $1 $18 {[%emt 0:02:40] Strongly threatening f4.} Re8 18. Rae1 ({Resist} 18. Qxc5+ $6 Kg7 $18) 18... Bf5 (18... Kg7 $142 19. h3 (19. Bxa6 Re6 $16) 19... Bf5) 19. Bxf5 ({Less strong is} 19. Bxa6 Qd6 $18) (19. Qxc5+ Kg7 $18) 19... Qxf5 20. Qxc5+ Kg7 21. Nxc6 Ng4 $2 (21... Rxe1 22. Rxe1 Rc8) 22. Ne7 Qf4 23. Qc3+ (23. Nxd5 $2 Qxh2#) 23... d4 {[%emt 0:01:16] [#]} 24. Qxd4+ $3 Qxd4 25. Nf5+ Kf6 26. Nxd4 Rd8 27. Re4 {[%emt 0:02:35] White is clearly winning.} Rhe8 28. Rfe1 ({Not} 28. Rxg4 h5 29. Nc6 hxg4 $18) 28... Rxe4 29. Rxe4 Ne5 {[%emt 0:00:30] [#]} 30. Rxe5 $1 Rxd4 31. Re2 Rd5 {[%emt 0:00:30] Weighted Error Value: White=0.19 (very precise) /Black=0.45} 1-0

[Event "Israeli Championship 2022"]
[Site "Yosiah Arad"]
[Date "2022.12.11"]
[Round "7.4"]
[White "Kobo, Ori"]
[Black "Erenberg, Ariel"]
[Result "1/2-1/2"]
[ECO "C02"]
[WhiteElo "2554"]
[BlackElo "2514"]
[Annotator "TA"]
[PlyCount "106"]
[EventDate "2022.12.05"]
[EventType "swiss"]
[EventCountry "ISR"]
[SourceTitle "playchess.com"]
[Source "ChessBase"]
[SourceQuality "1"]
[TimeControl "40/5400+30:1800+30"]

1. e4 c6 2. Nf3 d5 3. e5 Bf5 4. Nh4 Bd7 5. d4 c5 6. c3 Nc6 7. dxc5 e6 8. Nf3 Bxc5 9. Bd3 Nge7 10. O-O Ng6 {[%emt 0:02:52] C02: French: Advance Variation.} 11. Re1 Bb6 12. Na3 a6 {[%emt 0:00:13] [#] White has an edge.} 13. c4 $146 ({Predecessor:} 13. Be3 Bc7 14. Bd4 Nxd4 15. cxd4 O-O 16. Qd2 b5 17. b4 Bb6 18. Bxg6 fxg6 19. Nc2 Qe7 20. a3 h6 21. Qd3 {1-0 (75) Unger,G-Liermann,H DDR 1975}) 13... d4 14. Nc2 Qe7 15. b4 Nxb4 (15... O-O $16) 16. Nxb4 $18 Qxb4 17. Rb1 Qc5 18. Qb3 {[%emt 0:02:33][%mdl 1024] White has strong compensation.} Ba5 19. Ba3 (19. Qxb7 Bc6 20. Qb3 Bxe1 $17) 19... Qa7 20. Ng5 Bc6 {[%emt 0:18:04] [#]} 21. Ne4 $1 {[%emt 0:01:33] White is much more active. The black rooks are badly placed.} Rd8 (21... Bxe1 $6 22. Rxe1 Ne7 23. Bc5 $11 (23. Qb4 b5 $15)) 22. Nd6+ Rxd6 23. Bxd6 {[%emt 0:00:12][%cal Oe1e4] Black must now prevent Re4!} Bxe1 24. Rxe1 Kd7 (24... h6 $16 {keeps fighting.}) 25. Be4 {[%emt 0:04:47] A strong pair of Bishops.} Rc8 {[%emt 0:00:47] [#]} 26. c5 $1 Ne7 (26... Bxe4 $142 27. Rxe4 b6) 27. Bxc6+ (27. Bxh7 g6 $14) 27... Rxc6 28. Qf3 Ke8 29. Qe4 Nf5 $2 {[%emt 0:02:21] [#]} (29... g6 30. Qh4 (30. Qxd4 Nf5 $18) 30... b6 31. cxb6 (31. Qxd4 bxc5 32. Qh4 Nf5 $11) 31... Qb7 32. Qxh7 (32. Qxd4 Rxb6 33. Bxe7 Kxe7 $11) 32... Qxb6) 30. g4 $1 Nxd6 31. cxd6 {[%emt 0:00:03][%mdl 4096] Endgame KQR-KQR} g6 32. Qf4 $2 (32. Qf3 {And now Qf6 would win.} d3 33. Rd1 (33. Qxd3 Qc5 $16)) 32... b5 33. Rd1 Rc4 34. h3 f5 $2 (34... Qb7 35. Qf6 (35. Rxd4 g5 $16) 35... Rc3) 35. exf6 {[%emt 0:00:53] Threatens to win with Qh6.} Kf7 36. Qh6 Kxf6 37. Qf8+ Ke5 38. Re1+ Kd5 39. Qe8 {[%emt 0:00:38] Inhibits Qd7.} Kxd6 40. Qxe6+ $2 (40. Rxe6+ {mates} Kd5 41. Re5+ Kd6 42. Qe6+ Kc7 43. Qf7+ Kd6 44. Re6+ Kd5 45. Re7+ Kc5 46. Rxa7) 40... Kc5 $11 41. a3 d3 42. Re5+ ({But not} 42. Qe3+ Rd4 $14) (42. Qf6 $5 Rd4 43. Rc1+ Rc4 44. Qe5+ Kb6 45. Qd6+ Kb7 46. Qd5+ (46. Re1 Qb6 $11) 46... Kb8 47. Qg8+ (47. Rxc4 bxc4 48. Qg8+ Kb7 $16) 47... Kb7 48. Rxc4 (48. Qxh7+ Ka8 $11) 48... bxc4 49. Qxc4 $16) 42... Kd4 43. Rd5+ Kc3 44. Qd6 $1 Rd4 (44... Kb2 $5 45. Rxd3 Rc1+ 46. Kg2 Qb7+ 47. Rf3 Rg1+ 48. Kxg1 Qxf3 $11) 45. Rc5+ {[%emt 0:00:06] The position is equal.} Qxc5 46. Qxc5+ {[%emt 0:00:01] KQ-KR} Rc4 47. Qe5+ Kc2 {[%emt 0:00:24] Hoping for ...d2.} 48. Qa1 $1 d2 49. Qa2+ Kd3 (49... Kc1 $5 50. Qa1+ $8 Kc2 51. Qa2+ Kc1 52. Qa1+ Kc2 $11) 50. Qb1+ Kc3 51. Qa1+ Kc2 (51... Kd3 $5 52. Qb1+ $8 Kc3 $11) 52. Qa2+ Kc1 53. Qa1+ Kc2 {[%emt 0:00:08] Blacks defense is rewarded with a draw.   Weighted Error Value: White=0.27 (precise) /Black=0.47} 1/2-1/2